 Dungeon Crawl Stone Soup version 0.29.1-15-g9cfb28693d (webtiles) character file.

Game seed: 8557764453797898768

49 Achh the Covered (level 4, -1/35 HPs)
             Began as a Human Fighter on Mar 15, 2023.
             Was a Follower of Qazlal.
             Slain by a goblin
             ... wielding a +0 club
             ... led by Robin
              (2 damage)
             ... on level 2 of the Dungeon.
             The game lasted 00:07:04 (908 turns).

Achh the Covered (Human Fighter)                     Turns: 908, Time: 00:07:05

Health: -1/35      AC:  6    Str: 18    XL:     4   Next: 1%
Magic:  4/4        EV:  9    Int:  9    God:    Qazlal [*.....]
Gold:   53         SH:  6    Dex: 12    Spells: 3/3 levels left

rFire   . . .      SeeInvis .   a - +0 long sword
rCold   . . .      Faith    .   c - +0 buckler
rNeg    . . .      Spirit   .   b - +0 scale mail
rPois   .          Reflect  .   (no helmet)
rElec   .          Harm     .   (no cloak)
rCorr   .          Rampage  .   (no gloves)
Will    .....                   (no boots)
Stlth   ..........              (no amulet)
HPRegen 0.11/turn               (no ring)
MPRegen 0.09/turn               (no ring)

@: mighty
A: no striking features
a: Renounce Religion


You were on level 2 of the Dungeon.
You worshipped Qazlal.
Qazlal was aware of your devotion.
You visited 1 branch of the dungeon, and saw 2 of its levels.

You collected 53 gold pieces.

Inventory:

Hand Weapons
 a - a +0 long sword (weapon)
 j - a +1 whip of venom
Armour
 b - a +0 scale mail (worn)
 c - a +0 buckler (worn)
Scrolls
 h - 2 scrolls of identify {unknown}
 i - a scroll of poison {unknown}
Potions
 d - a potion of might
 e - a potion of haste {unknown}
 f - a potion of flight {unknown}


   Skills:
 + Level 3.3 Fighting
 + Level 2.4 Long Blades
 + Level 3.5 Armour
 + Level 0.5 Dodging
 + Level 0.1 Stealth
 + Level 3.3 Shields


You had 3 spell levels left.
You didn't know any spells.
Your spell library contained the following spells:

 Spells                   Type           Power      Damage    Failure   Level
 Blink                    Tloc           0%         N/A       94%         2
 Manifold Assault         Tloc           0%         N/A       100%        5
 Storm Form               Tmut/Air       0%         N/A       100%        7


Dungeon Overview and Level Annotations

Branches:
Dungeon (2/15)

Altars:
Qazlal

Annotations:
D:2 Robin


Message History

The goblin no longer looks unusually strong.
The goblin hits you with a +0 club. You block the goblin's attack.
Robin hits you but does no damage. The grasping roots constrict you.
You slash the goblin!
You kill the goblin!
Qazlal accepts your kill. The goblin hits you but does no damage.
Robin says, "Feeling lonely?"
The grasping roots constrict you.
You barely miss the hobgoblin.
The hobgoblin is almost dead.
The goblin hits you but does no damage.
Robin hits you from afar with a +1 spear of flaming.
Robin burns you. The grasping roots constrict you.
* * * LOW HITPOINT WARNING * * *
The hobgoblin barely misses you. You block the hobgoblin's attack.
Robin roars a battlecry!
The goblins go into a battle-frenzy!
The grasping roots constrict you.
* * * LOW HITPOINT WARNING * * *
The goblin hits you with a +0 club.
* * * LOW HITPOINT WARNING * * *
The grasping roots release their grip on you.
As you read the scroll labelled FUKUHA EPUO, it crumbles to dust.
Wisps of shadow whirl around you...
It was a scroll of summoning.
The goblin barely misses you. You block the hobgoblin's attack.
You hit the hobgoblin.
You kill the hobgoblin!
Qazlal accepts your kill. The goblin hits you with a +0 club.
* * * LOW HITPOINT WARNING * * *
Your endoplasm hits Robin but does no damage.
Your kobold hits the goblin with a +1 whip of electrocution.
An adder comes into view.
You have reached level 4!
You feel clever.
You closely miss the goblin.
The goblin is almost dead.
The goblin hits you with a +0 club.
You die...

#...# #...# #...#
#g..# #.g.# # #gg.#
##. ##)## ...###
#####g#######
.....##....Jg@gKS.#
####.........#####.#
......)....#.#
#.#.........#
##.##......#.#
...........#.#
####..#.####.####
.....#.<†......#
####.####.......#


You could see Robin (ally target), an adder, a goblin (strong, ally target), a
friendly endoplasm (summoned), a friendly hobgoblin (summoned) and a friendly
kobold (summoned).

Vanquished Creatures
  An adder (D:2)
  A worm (D:2)
  2 dart slugs (D:1)
  4 bats (D:1)
  An endoplasm (D:1)
  A giant cockroach (D:1)
  3 goblins
  3 hobgoblins
  2 kobolds (D:1)
  2 quokkas (D:1)
  6 ball pythons (D:1)
  4 frilled lizards
30 creatures vanquished.

Notes
Turn   | Place    | Note
-------+----------+-------------------------------------------
     0 | D:1      | Achh the Human Fighter began the quest for the Orb.
     0 | D:1      | Reached XP level 1. HP: 18/18 MP: 1/1
    56 | D:1      | Reached XP level 2. HP: 11/24 MP: 2/2
   430 | D:1      | Found a faded altar of an unknown god.
   445 | D:1      | Prayed at the altar of an unknown god.
   445 | D:1      | Became a worshipper of Qazlal Stormbringer
   445 | D:1      | Reached * piety under Qazlal
   545 | D:1      | Reached XP level 3. HP: 27/29 MP: 3/3
   882 | D:2      | Noticed Robin
   907 | D:2      | HP: 1/29 [goblin/+0 club[Robin] (2)]
   908 | D:2      | Reached XP level 4. HP: 1/35 MP: 4/4
   908 | D:2      | Slain by a goblin

Illustrated notes

Levels and vault maps discovered:
D:1:      dreamdust_arrival_sigmund_warning, layout_basic,
          basic_ecumenical_altar, serial_aquarium, aquarium_bridge_square
          [aquarium_subvault_wall, aquarium_subvault_window,
          aquarium_subvault_window, aquarium_subvault_bridge],
          aquarium_window_corridor_2, aquarium_window_fake,
          aquarium_window_corner, aquarium_window_corner, aquarium_view_2c,
          grunt_decor_one_mirror
D:2:      layout_loops_cross, kennysheep_cross_bottleneck,
          minmay_misc_feat_cross, uniq_terence, uniq_robin

Action                   |  1- 3 |  4- 6 || total
-------------------------+-------+-------++-------
Melee: Long sword        |   104 |     1 ||   105
  Use: Potion            |     2 |       ||     2
       Scroll            |     1 |       ||     1
Armor: Scale mail        |    63 |       ||    63
Dodge: Dodged            |    54 |       ||    54
Block: Buckler           |    43 |       ||    43
